 Dungeon Crawl Stone Soup version 0.32-a0-411-g744942f433 (console) character file.

Game seed: 3165618818043190849

90 zenocrate the Ruffian (level 4, -4/44 HPs)
             Began as a Troll Delver on Feb 20, 2024.
             Slain by a vampire (6 damage)
             ... on level 5 of the Dungeon.
             The game lasted 00:00:21 (48 turns).

zenocrate the Ruffian (Troll Delver)                  Turns: 48, Time: 00:00:21

Health: -4/44      AC:  4    Str: 22    XL:     4   Next: 32%
Magic:  3/3        EV:  9    Int:  6    God:
Gold:   0          SH:  0    Dex: 11    Spells: 3/3 levels left

rFire   . .          .
                       - Unarmed
rCold   . . .        (no shield)
rNeg    . . .        a - +0 robe
rPois   .            (helmet restricted)
rElec   .            (no cloak)
rCorr   .            (gloves unavailable)
SInv    .            (boots unavailable)
Will    .....        (no amulet)
Stlth   ++           (no ring)
HPRegen 1.07/turn    (no ring)
MPRegen 0.08/turn

%: no passive effects
@: hasted, very quick
A: large, unfitting armour, claws 3, regeneration 1, shaggy fur 1, tough skin 1
a: no special abilities


You were on level 5 of the Dungeon.
You visited 1 branch of the dungeon, and saw 1 of its levels.

Inventory:

Armour
 a - a +0 robe (worn)
Wands
 f - a wand of digging (3)
Scrolls
 b - a scroll of fog
 c - a scroll of revelation
 d - a scroll of fear


   Skills:
 - Level 2.4 Fighting
 - Level 1.5 Dodging
 - Level 2.7 Stealth
 + Level 4.6 Unarmed Combat


You had 3 spell levels left.
You didn't know any spells.
Your spell library was empty.

Dungeon Overview and Level Annotations

Branches:
Dungeon (5/15)
 Temple: D:4-7

Altars:


Innate Abilities, Weirdness & Mutations

You are too large for most types of armour.
You have claws for hands.
Your natural rate of healing is unusually fast.
You are covered in fur. (AC +1)
You have tough skin. (AC +1)


Message History

Deactivating autopickup; reactivate with Ctrl-A.
A black bear comes into view.
The black bear growls angrily.
Okay, then.
Okay, then.
The black bear bites you.
The black bear claws you but does no damage.
The black bear claws you.
You scratch the black bear.
The black bear is moderately wounded.
The black bear bites you. The black bear claws you. x2
Unknown command.
You claw the black bear!
The black bear is severely wounded.
The black bear completely misses you. The black bear claws you. x2
You claw the black bear!
You kill the black bear!
Your Unarmed Combat skill gained 2 levels and is now at level 4!
You have reached level 2!
You have reached level 3!
Your experience leads to an increase in your attributes!
Increase (S)trength, (I)ntelligence, or (D)exterity?
You feel stronger. x3
You have reached level 4!
You barely miss something. Something hits you. Something bites you!
* * * LOW HITPOINT WARNING * * *
Something draws strength from your injuries!
Unknown command.
You miss something. Your claw misses something.
A vampire appears from thin air!
Reactivating autopickup.
The vampire hits you but does no damage.
The vampire bites you!
* * * LOW HITPOINT WARNING * * *
The vampire draws strength from your injuries!
Unknown command.
Okay, then.
You can't see any enemies this would affect, really read the scroll of fear?
Okay, then.
You feel yourself speed up. The vampire hits you.
You die...

.#....... .#....#
......# .#..#### #.{...#
#.....# #.....#
#..######### #...#
#....#
#.#.###....##########.##
#.............V@........
#######....#########.##.
#....# #....# ###..#
##.# ##.#....##
#>....... #########


You could see a vampire.

Vanquished Creatures
  A black bear (D:5)
1 creature vanquished.

Notes
Turn   | Place    | Note
-------+----------+-------------------------------------------
     0 | D:5      | zenocrate the Troll Delver began the quest for the Orb.
     0 | D:5      | Reached XP level 1. HP: 22/22 MP: 0/0
    18 | D:5      | Noticed a bombardier beetle
    19 | D:5      | Noticed a vampire
    38 | D:5      | Noticed a black bear
    44 | D:5      | Killed a black bear
    45 | D:5      | Reached skill level 4 in Unarmed Combat
    45 | D:5      | Reached XP level 2. HP: 14/29 MP: 1/1
    45 | D:5      | Reached XP level 3. HP: 18/36 MP: 2/2
    45 | D:5      | Reached XP level 4. HP: 22/44 MP: 3/3
    47 | D:5      | HP: 1/44 [vampire (10)]
    48 | D:5      | Slain by a vampire

Illustrated notes

Levels and vault maps discovered:
D:5:      layout_basic, mainiacjoe_overflow_alcove_2

Skill      XL: |  1 |
---------------+----+-----
Unarmed Combat | 4 |  4.6
Fighting       | |  2.4
Dodging        | |  1.5
Stealth        | |  2.7

Action                     |  1- 3 |  4- 6 || total
---------------------------+-------+-------++-------
  Melee: Unarmed           |     3 |     2 ||     5
    Use: Potion            |       |     1 ||     1
 Armour: Robe              |     8 |     5 ||    13
  Dodge: Dodged            |     1 |       ||     1

Table legend: (Time is in decaauts)
 A = Elapsed time spent in this place.
 B = Non-inter-level travel time spent in this place.
 C = Inter-level travel time spent in this place.
 D = Time resting spent in this place.
 E = Time spent auto-exploring this place.
 F = Levels seen in this place.
 G = Mean time per level.
                   A        B        C        D        E       F      G
               +--------+--------+--------+--------+--------+-----+--------+
         Total |     47 |     47 |      0 |      0 |     18 |   1 |   47.0 |
       Dungeon |     47 |     47 |      0 |      0 |     18 |   1 |   47.0 |
               +--------+--------+--------+--------+--------+-----+--------+

Top non-repeatable levels by time:
     D:5: 47 daAuts
